 Dungeon Crawl Stone Soup version 0.32-a0-18-g89e19f1974 (webtiles) character file.

Game seed: 1040960040189413153

140 Pixllover the Chopper (level 5, -3/28 HPs)
             Began as a Vine Stalker Fighter on Jan 16, 2024.
             Was a Follower of Okawaru.
             Slain by an ogre
             ... wielding a +0 giant spiked club
              (24 damage)
             ... on level 4 of the Dungeon.
             The game lasted 00:03:33 (2237 turns).

Pixllover the Chopper (Vine Stalker Fighter)        Turns: 2237, Time: 00:03:33

Health: -3/28      AC:  6    Str: 20    XL:     5   Next: 23%
Magic:  0/6        EV: 11    Int:  8    God:    Okawaru [*.....]
Gold:   113        SH:  5    Dex: 14    Spells: 4/4 levels left

rFire   . . .        a - +0 war axe
rCold   . . .        c - +0 buckler
rNeg    . . .        g - +3 leather armour {rPois}
rPois   +            (no helmet)
rElec   .            (no cloak)
rCorr   .            (no gloves)
SInv    .            (no boots)
Will    .....        (no amulet)
Stlth   +            (no ring)
HPRegen 1.04/turn    (no ring)
MPRegen 0.10/turn

%: guardian spirit
@: no status effects
A: fangs 2, regeneration 1, magic shield, antimagic bite, no potion heal 2
a: Renounce Religion, Heroism


You were on level 4 of the Dungeon.
You worshipped Okawaru.
Okawaru was aware of your devotion.
You visited 1 branch of the dungeon, and saw 4 of its levels.

You collected 113 gold pieces.

Inventory:

Hand Weapons
 a - a +0 war axe (weapon)
Missiles
 i - 5 poisoned darts (quivered)
Armour
 c - a +0 buckler (worn)
 g - a +3 leather armour of poison resistance (worn)
Scrolls
 b - 4 scrolls of identify {unknown}
 e - 2 scrolls of blinking {unknown}
 h - a scroll of butterflies {unknown}
 j - a scroll of teleportation {unknown}
 k - a scroll of immolation {unknown}
 l - a scroll of amnesia {unknown}
 m - a scroll of poison {unknown}
 o - a scroll of fog {unknown}
 p - a scroll of noise {unknown}
 q - a scroll of vulnerability {unknown}
Potions
 d - a potion of might
 f - 2 potions of lignification {unknown}
 n - a potion of magic {unknown}


   Skills:
 + Level 3.1 Fighting
 + Level 3.4 Axes
 + Level 3.0 Armour
 + Level 0.6 Dodging
 + Level 0.8 Stealth
 + Level 3.1 Shields


You had 4 spell levels left.
You didn't know any spells.
Your spell library was empty.

Dungeon Overview and Level Annotations

Branches:
Dungeon (4/15)
 Temple: D:4-7

Altars:
Okawaru

Shops:
D:2 (


Innate Abilities, Weirdness & Mutations

You have extremely sharp teeth.
Your natural rate of healing is unusually fast.
When hurt, damage is shared between your health and your magic reserves.
Your bite disrupts and absorbs the magic of your enemies.
Potions cannot restore your health.


Message History

Things that are here:
a +0 flail; a gnoll corpse You block the gnoll's attack.
Things that are here:
a +0 flail; a gnoll corpse You completely miss the gnoll.
The gnoll hits you with a +0 spear!
You slash the gnoll! You bite the gnoll. You drain its power.
You feel invigorated.
The gnoll is severely wounded.
The gnoll hits you with a +0 spear.
You closely miss the gnoll.
The gnoll is severely wounded.
The gnoll closely misses you. x2
You hit the gnoll.
The gnoll is almost dead.
The gnoll closely misses you.
You slash the gnoll!
You kill the gnoll!
Okawaru accepts your kill.
There is a stone staircase leading up, spattered with blood here.
Things that are here:
a +0 spear; a gnoll corpse You now have 113 gold pieces (gained 10).
You start resting.
HP restored.
Magic restored.
There is a stone staircase leading up, spattered with blood here.
Things that are here:
a +0 spear; a gnoll corpse An ogre comes into view.
It is wielding a +0 giant spiked club.
The ogre shouts!
The ogre hits you with a +0 giant spiked club!
You hit the ogre. Your bite misses the ogre.
The ogre is lightly wounded.
You slash the ogre! You bite the ogre. You drain its power.
You feel invigorated.
The ogre is severely wounded.
The ogre hits you with a +0 giant spiked club!!
Ouch! That really hurt!
You die...

#.# #.# #.#
#.# #.# #.#
#.#
###########.#
......O@....#
#############


You could see an ogre.

Vanquished Creatures
  Jessica (D:2)
  3 gnolls (D:4)
  2 adders (D:2)
  2 dart slugs
  2 orcs (D:3)
  7 endoplasms
  3 giant cockroaches
  7 hobgoblins
  8 kobolds
  2 quokkas
  7 ball pythons
  4 bats
  3 frilled lizards
  5 goblins
  6 rats
62 creatures vanquished.

Notes
Turn   | Place    | Note
-------+----------+-------------------------------------------
     0 | D:1      | Pixllover the Vine Stalker Fighter began the quest for the
                  | Orb.
     0 | D:1      | Reached XP level 1. HP: 11/11 MP: 2/2
   123 | D:1      | Reached XP level 2. HP: 16/16 MP: 3/3
   438 | D:1      | Reached XP level 3. HP: 16/19 MP: 2/4
  1073 | D:2      | Found Afuohurchi's Weapon Shop.
  1130 | D:2      | Reached XP level 4. HP: 23/24 MP: 5/5
  1384 | D:2      | Noticed Jessica
  1395 | D:2      | Killed Jessica
  1593 | D:3      | Found a faded altar of an unknown god.
  1601 | D:3      | Prayed at the altar of an unknown god.
  1601 | D:3      | Became a worshipper of Warmaster Okawaru
  1601 | D:3      | Reached * piety under Okawaru
  2166 | D:4      | Reached XP level 5. HP: 19/28 MP: 2/6
  2232 | D:4      | Noticed an ogre
  2237 | D:4      | Slain by an ogre

Illustrated notes

Levels and vault maps discovered:
D:1:      kennysheep_arrival_seaside, layout_loops_ring
D:2:      layout_loops_ring, serial_shops, shop, minmay_misc_feat_roman,
          chequers_serial_rivers_large_a, uniq_jessica
D:3:      layout_basic, basic_ecumenical_altar, minmay_misc_feat_secret_circle
D:4:      layout_loops_ring

Skill      XL: |  1  2  3  4 |
---------------+-------------+-----
Axes           | 2 3 |  3.4
Fighting       | 3 |  3.1
Shields        | 3 |  3.1
Armour         | 3 |  3.0
Dodging        | |  0.6
Stealth        | |  0.8

Action                     |  1- 3 |  4- 6 || total
---------------------------+-------+-------++-------
  Melee: War axe           |    76 |    64 ||   140
         Bite              |     8 |    12 ||    20
   Stab: Sleeping          |     1 |     1 ||     2
 Armour: Scale mail        |    24 |       ||    24
         Leather armour    |    20 |    45 ||    65
  Dodge: Dodged            |    42 |    38 ||    80
  Block: Buckler           |    17 |    25 ||    42

Table legend: (Time is in decaauts)
 A = Elapsed time spent in this place.
 B = Non-inter-level travel time spent in this place.
 C = Inter-level travel time spent in this place.
 D = Time resting spent in this place.
 E = Time spent auto-exploring this place.
 F = Levels seen in this place.
 G = Mean time per level.
                   A        B        C        D        E       F      G
               +--------+--------+--------+--------+--------+-----+--------+
         Total |   2302 |   2178 |    124 |     11 |   1509 |   4 |  575.5 |
       Dungeon |   2302 |   2178 |    124 |     11 |   1509 |   4 |  575.5 |
               +--------+--------+--------+--------+--------+-----+--------+

Top non-repeatable levels by time:
     D:2: 810 daAuts
     D:1: 804 daAuts
     D:3: 608 daAuts
     D:4: 78 daAuts
